 Dungeon Crawl Stone Soup version 0.23-b1-58-ge3fafae (webtiles) character file.

Game seed: 13079357399774886803

15 tidbits the Charmwright (level 2, -6/26 HPs)
             Began as a Gnoll Skald on Feb 4, 2019.
             Killed from afar by an orc wizard (9 damage)
             ... with a magic dart
             ... on level 3 of the Dungeon.
             The game lasted 00:03:12 (357 turns).

tidbits the Charmwright (Gnoll Skald)                Turns: 357, Time: 00:03:13

Health: -6/26      AC:  5    Str: 18    XL:     2   Next: 50%
Magic:  4/7        EV: 14    Int: 15    God:
Gold:   62         SH:  0    Dex: 14    Spells: 5/10 levels left

rFire    + . .     SeeInvis .   a - +0 spear
rCold    . . .     Gourm    .   (no shield)
rNeg     . . .     Faith    .   b - +0 leather armour
rPois    .         Spirit   .   E - +0 helmet
rElec    .         Reflect  .   (no cloak)
rCorr    .         Harm     .   (no gloves)
MR       .....                  F - +0 pair of boots (curse)
Stlth    +.........             (no amulet)
HPRegen  0.08/turn              g - ring of protection from fire
MPRegen  0.10/turn              (no ring)

@: mighty, infused (expiring)
A: distributed training, fangs 1, strong nose
a: no special abilities


You were on level 3 of the Dungeon.
You were full.

You visited 1 branch of the dungeon, and saw 4 of its levels.

You collected 62 gold pieces.

Inventory:

Hand Weapons
 a - a +0 spear (weapon)
 e - a +0 dagger
 i - a +0 mace of protection
   (You found it on level 1 of the Dungeon)
Armour
 b - a +0 leather armour (worn)
 E - a +0 helmet (worn)
 F - a cursed +0 pair of boots (worn)
Jewellery
 g - a ring of protection from fire (left hand)
   (You found it on level 1 of the Dungeon)
Scrolls
 c - a scroll of fear {unknown}
 j - 2 scrolls of teleportation {unknown}
 k - a scroll of identify {unknown}
 l - a scroll of blinking {unknown}
Potions
 f - a potion of might
 h - 2 potions of flight {unknown}
Comestibles
 d - 4 rations


   Skills:
 + Level 4.5 Fighting
 + Level 0.4 Short Blades
 + Level 0.4 Long Blades
 + Level 0.4 Axes
 + Level 0.4 Maces & Flails
 + Level 4.5 Polearms
 + Level 0.4 Staves
 + Level 0.4 Slings
 + Level 0.4 Bows
 + Level 0.4 Crossbows
 + Level 0.4 Throwing
 + Level 2.5 Armour
 + Level 4.5 Dodging
 + Level 0.4 Stealth
 + Level 0.4 Shields
 + Level 0.4 Unarmed Combat
 + Level 4.9 Spellcasting
 + Level 0.2 Conjurations
 + Level 0.2 Hexes
 + Level 5.3 Charms
 + Level 0.2 Summonings
 + Level 0.2 Necromancy
 + Level 0.2 Translocations
 + Level 0.2 Transmutations
 + Level 0.2 Fire Magic
 + Level 0.2 Ice Magic
 + Level 0.2 Air Magic
 + Level 0.2 Earth Magic
 + Level 0.2 Poison Magic
 + Level 0.5 Invocations
 + Level 0.4 Evocations


You had 5 spell levels left.
You knew the following spells:

 Your Spells              Type           Power        Failure   Level  Hunger
g - Shroud of Golubria    Chrm/Tloc      ##........   10%         2    ##.....
i - Infusion              Chrm           ###.         2%          1    None
y - Song of Slaying       Chrm           ###.....     3%          2    ##.....

Your spell library contained the following spells:

 Spells                   Type           Power        Failure   Level  Hunger
 Regeneration             Chrm/Necr      ##........   19%         3    ###....
 Spectral Weapon          Hex/Chrm       ##......     19%         3    ###....


Dungeon Overview and Level Annotations

Branches:
Dungeon (4/15)
 Temple: D:4-7

Altars:
Elyvilon
Ru
Trog


Innate Abilities, Weirdness & Mutations

Your experience applies equally to all skills.
You have very sharp teeth.
Your uncanny sense of smell can sniff out nearby items.


Message History

There is a stone staircase leading down here.
Found a leather armour.
You see here a scroll labeled MOELOIN RURUCW.
Unknown command.
j - 2 scrolls labeled MOELOIN RURUCW (gained 1)
There is a stone staircase leading down here.
You climb downwards.
There is a stone staircase leading up here.
Unknown command.
There is a stone staircase leading up here.
Found a ruby potion.
Found a stone staircase leading down.
Found a ration.
Unknown command.
You see here a ruby potion.
f - 2 ruby potions (gained 1)
Found a whip.
Found a helmet.
Found 21 bolts.
Found a bloodstained altar of Trog.
You see here a ration.
d - 4 rations (gained 1)
You see here a helmet.
m - a helmet Wear which item? (? for menu, Esc to quit)
You start putting on your armour.
You continue putting on your helmet. x4
You finish putting on your +0 helmet.
Adjust (i)tems, (s)pells, or (a)bilities?
Adjust which item? (? for menu, Esc to quit)
m - a +0 helmet (worn)
Adjust to which letter? (? for menu, Esc to quit)
E - a +0 helmet (worn)
There is a stone staircase leading down here.
You climb downwards.
Found a quarterstaff and 17 stones.
There is a stone staircase leading up here.
Unknown command.
You climb upwards.
There is a stone staircase leading down here.
Unknown command.
There is a stone staircase leading up here.
There is a stone staircase leading down here.
You climb downwards. 3 orcs and an orc wizard come into view.
An orc is wielding a +1 whip of flaming.
The orc shouts!
The orc wizard shouts!
An orc priest comes into view. It is wielding a +0 club.
The orc wizard gestures wildly while chanting.
The orc wizard blinks!
The orc shouts!
There is a stone staircase leading up here.
Unknown command.
Unknown command.
The orc wizard gestures at you while chanting.
The magic dart hits you!
The orc hits you with a +1 whip of flaming.
* * * LOW HITPOINT WARNING * * *
You climb upwards.
There is a stone staircase leading down here.
Unknown command.
Casting: Infusion (safe; 2% risk of failure)
Confirm with . or Enter, or press ? or * to list all spells.
You begin infusing your attacks with magical energy.
The orc wizard barely misses you. The orc closely misses you.
Unknown command.
You barely miss the orc wizard.
The orc wizard hits you with a +0 dagger.
* * * LOW HITPOINT WARNING * * *
The orc hits you but does no damage.
You hit the orc wizard. You bite the orc wizard.
The orc wizard is heavily wounded.
The orc wizard gestures at you while chanting.
The magic dart hits you but does no damage.
The orc barely misses you.
You hit the orc wizard.
The orc wizard is severely wounded.
The orc wizard barely misses you.
You barely miss the orc wizard.
The orc wizard is severely wounded.
The orc barely misses you.
You barely miss the orc wizard.
The orc wizard is severely wounded.
The orc wizard hits you but does no damage.
The orc hits you but does no damage.
You closely miss the orc wizard.
The orc wizard is severely wounded.
The orc wizard hits you with a +0 dagger.
* * * LOW HITPOINT WARNING * * *
The orc barely misses you.
You barely miss the orc wizard.
The orc wizard is severely wounded.
The orc wizard points at you and mumbles some strange words.
The magic dart hits you.
* * * LOW HITPOINT WARNING * * *
The orc hits you but does no damage.
It was a potion of might.
You feel very mighty all of a sudden.
Your magical infusion is running out.
The orc wizard points at you and mumbles some strange words.
The magic dart hits you!
You die...

..... ....# ∆ ....# .....
...###..... .#### . #.........##
#..... . #........... .[..##.
##.#.......##. ...#..
#####....o#........##....s
##.......o@#.....# .......#
###..##....###...... #.....
#...#..........#....####...##
#.###.######<..........##....
####.....# ##.######..........
#.....########..#########.......
#(...##.............## ###.....
...##.##.######.####..######.....
.###...##..###..##...............


You could see an orc wizard and an orc.

Vanquished Creatures
  A dart slug (D:1)
  A leopard gecko (D:2)
  2 giant cockroaches
  A hobgoblin (D:1)
  4 kobolds (D:1)
  A bat (D:1)
  A frilled lizard (D:1)
  A rat (D:1)
12 creatures vanquished.

Notes
Turn   | Place    | Note
-------+----------+-------------------------------------------
     0 | D:1      | tidbits the Gnoll Skald began the quest for the Orb.
     0 | D:1      | Reached XP level 1. HP: 20/20 MP: 6/6
    98 | D:1      | Reached XP level 2. HP: 19/26 MP: 1/7
   134 | D:1      | Learned a level 2 spell: Song of Slaying
   137 | D:1      | Learned a level 2 spell: Shroud of Golubria
   198 | D:2      | Found a white marble altar of Elyvilon.
   217 | D:2      | You fall through a shaft!
   220 | D:2      | Found a sacrificial altar of Ru.
   311 | D:3      | Found a bloodstained altar of Trog.
   356 | D:3      | HP: 3/26 [orc wizard/magic dart (3)]
   357 | D:3      | Killed from afar by an orc wizard

Action                   || total
-------------------------++-------
Melee: Spear             ||    41
       Bite              ||     3
 Cast: Infusion          ||     6
  Use: Potion            ||     1
  Eat: Ration            ||     1
Armor: Leather armour    ||    11
Dodge: Dodged            ||    25

Table legend:
 A = Turns spent in this place as a percentage of turns spent in the entire game.
 B = Non-inter-level travel turns spent in this place as a percentage of non-inter-level travel turns spent in the entire game.
 C = Inter-level travel turns spent in this place as a percentage of turns spent in this place.
 D = Turns resting spent in this place as a percentage of non-inter-level travel turns spent in this place.
 E = Turns spent auto-exploring this place as a percentage of non-inter-level travel turns spent in this place.
 F = Non-inter-level travel turns spent in this place divided by the number of levels of this place that you've seen.
                   A       B       C       D       E      F
               +-------+-------+-------+-------+-------+----------------------
         Total | 100.0 | 100.0 |   0.0 |   0.0 |   0.0 |  89.2
       Dungeon | 100.0 | 100.0 |   0.0 |   0.0 |   0.0 |  89.2
               +-------+-------+-------+-------+-------+----------------------

Table legend:
 A = Kills in this place as a percentage of kills in entire the game.
 B = Kills by you in this place as a percentage of kills by you in the entire game.
 C = Kills by friends in this place as a percentage of kills by friends in the entire game.
 D = Other kills in this place as a percentage of other kills in the entire game.
 E = Experience gained in this place as a percentage of experience gained in the entire game.
 F = Experience gained in this place divided by the number of levels of this place that you have seen.
                   A       B       C       D       E      F
               +-------+-------+-------+-------+-------+----------------------
         Total | 100.0 | 100.0 |   N/A |   N/A | 100.0 |   5.5
       Dungeon | 100.0 | 100.0 |   N/A |   N/A | 100.0 |   5.5
               +-------+-------+-------+-------+-------+----------------------

Vault maps used:
D:1:      noname_arrival_rooms_in_the_neighbourhood, st_stairs_3,
          amethyst_killhole, minmay_split_cup_large
D:2:      lemuel_round_altar, marbit_many_paths, nicolae_overflow_crystal_walls,
          chequers_ecumenical_altar_twisty, uniq_terence, uniq_robin
D:3:      lemuel_round_altar, first_ration
D:4:      minmay_a_box_with_orc_wizards_in_it
